 Dungeon Crawl Stone Soup version 0.27-a0-1273-gec92ba881d (webtiles) character file.

Game seed: 2400027639661328663

672 freelancePsychic the Firebug (level 7, 7/46 HPs)
             Began as a Human Fire Elementalist on June 11, 2021.
             Was a Believer of Nemelex Xobeh.
             Quit the game on level 5 of the Dungeon.
             The game lasted 00:06:44 (5342 turns).

freelancePsychic the Firebug (HuFE)                 Turns: 5342, Time: 00:06:45

Health: 7/46       AC:  2    Str:  8    XL:     7   Next: 90%
Magic:  7/11       EV: 12    Int: 18    God:    Nemelex Xobeh [**....]
Gold:   190        SH:  0    Dex: 13    Spells: 10/11 levels left

rFire    . . .     SeeInvis .   o - staff of air
rCold    . . .     Faith    .   (no shield)
rNeg     . . .     Spirit   .   a - +0 robe
rPois    .         Reflect  .   p - +0 hat
rElec    +         Harm     .   (no cloak)
rCorr    .         Rampage  .   (no gloves)
Will     .....                  (no boots)
Stlth    ++........             (no amulet)
HPRegen  0.15/turn              (no ring)
MPRegen  0.12/turn              (no ring)

@: no status effects
A: no striking features
a: Renounce Religion, Draw Escape, Draw Destruction, Draw Summoning


You were on level 5 of the Dungeon.
You worshipped Nemelex Xobeh.
Nemelex Xobeh was pleased with you.
You visited 1 branch of the dungeon, and saw 5 of its levels.

You collected 190 gold pieces.

Inventory:

Missiles
 b - 98 arrows
 q - a throwing net
Armour
 a - a +0 robe (worn)
 p - a +0 hat (worn)
Magical Staves
 o - a staff of air (weapon)
Jewellery
 j - a ring of ice
Wands
 u - a wand of flame (22)
Scrolls
 d - 4 scrolls of teleportation {@r4}
 i - a scroll of noise {unknown}
 m - 4 scrolls of identify {@r1}
 r - a scroll of immolation {unknown}
 s - a scroll of magic mapping {unknown}
 t - a scroll of fog
Potions
 c - a potion of invisibility
 e - a potion of might {unknown}
 f - a potion of magic {unknown}
 g - a potion of lignification {unknown}
 h - 2 potions of flight {unknown}
 k - a potion of resistance {unknown}
 l - 2 potions of haste {unknown}
 n - a potion of heal wounds {unknown}


   Skills:
 - Level 2.0 Dodging
 - Level 2.0 Stealth
 - Level 2.9 Spellcasting
 + Level 4.5 Conjurations
 + Level 5.4 Fire Magic
 + Level 4.2 Invocations


You had 10 spell levels left.
You knew the following spells:

 Your Spells              Type           Power      Damage    Failure   Level
a - Foxfire               Conj/Fire      80%        2x1d8     2%          1

Your spell library contained the following spells:

 Spells                   Type           Power      Damage    Failure   Level
 Conjure Flame            Conj/Fire      20%        6-21      6%          3
 Inner Flame              Hex/Fire       12%        N/A       16%         3
 Sticky Flame             Conj/Fire      20%        2d4       22%         4
 Fireball                 Conj/Fire      10%        3d6       52%         5


Dungeon Overview and Level Annotations

Branches:
Dungeon (5/15)
 Temple: D:4-7

Altars:
Nemelex Xobeh

Shops:
D:1 !


Message History

The iguana bites you.
You hit the iguana but do no damage.
The iguana is almost dead.
The iguana barely misses you.
You hit the iguana.
The iguana is almost dead.
The iguana bites you.
You hit the iguana but do no damage.
The iguana is almost dead.
The iguana closely misses you.
You hit the iguana but do no damage.
The iguana is almost dead.
The iguana bites you.
You barely miss the iguana.
The iguana is almost dead.
The iguana misses you. x2
You hit the iguana but do no damage.
The iguana is almost dead.
The iguana closely misses you.
You hit the iguana but do no damage.
The iguana is almost dead.
The iguana bites you!
* * * LOW HITPOINT WARNING * * *
You hit the iguana but do no damage.
The iguana is almost dead.
The iguana barely misses you.
Your magical contamination has completely faded away.
You completely miss the iguana.
The iguana is almost dead.
The iguana closely misses you.
You barely miss the iguana.
The iguana is almost dead.
The iguana closely misses you. The iguana barely misses you.
You closely miss the iguana.
The iguana is almost dead.
The iguana misses you.
You hit the iguana.
You kill the iguana!
You see here an iguana corpse.
Are you sure you want to abandon this character and quit the game? (Confirm with "yes".)

#.# #.#### #....#
#.##.# #.##.#
#.##.# #########
#.##.### #####
#.......# #.......
....#
#@###########.####
....#
#...........#.....
....#
###########.#..###
....# #..........#
....########
#.#######..#
...........#
#..........#
....######.#
#..#####...# ....#
#.#########..#
#...# ....#
#............#
#...###


There were no monsters in sight!

Vanquished Creatures
  A necrophage (D:4)
  An ice beast (D:4)
  A black bear (D:5)
  A scorpion (D:5)
  A wyvern skeleton (D:5)
  A water moccasin skeleton (D:4)
  A hound (D:5)
  2 iguanas (D:5)
  A hound skeleton (D:4)
  4 adders
  An adder skeleton (D:4)
  2 worms
  3 dart slugs
  5 orcs
  4 ball pythons
  8 bats
  10 endoplasms
  4 giant cockroaches
  7 goblins
  2 hobgoblins
  4 jackals (D:3)
  7 kobolds
  5 quokkas
  4 frilled lizards
  3 rats
  A foxfire (D:4)
84 creatures vanquished.

Vanquished Creatures (collateral kills)
  Ijyb (D:4)
1 creature vanquished.

Vanquished Creatures (others)
  427 foxfires
427 creatures vanquished.

Grand Total: 512 creatures vanquished

Notes
Turn   | Place    | Note
-------+----------+-------------------------------------------
     0 | D:1      | freelancePsychic the Human Fire Elementalist began the
                  | quest for the Orb.
     0 | D:1      | Reached XP level 1. HP: 13/13 MP: 3/3
    93 | D:1      | Found Caebec's Distillery.
   259 | D:1      | Reached XP level 2. HP: 19/19 MP: 1/5
   624 | D:1      | Reached XP level 3. HP: 24/24 MP: 0/6
  1681 | D:2      | Reached XP level 4. HP: 30/30 MP: 2/7
  1967 | D:2      | Found a faded altar of an unknown god.
  1976 | D:2      | Became a worshipper of Nemelex Xobeh the Trickster
  1976 | D:2      | Reached * piety under Nemelex Xobeh
  2501 | D:3      | Received a gift from Nemelex Xobeh
  2802 | D:3      | Reached skill level 1 in Invocations
  2802 | D:3      | Reached XP level 5. HP: 35/35 MP: 6/9
  3086 | D:3      | Reached ** piety under Nemelex Xobeh
  3194 | D:4      | Noticed an ice beast
  3198 | D:4      | Reached skill level 4 in Fire Magic
  3205 | D:4      | Killed an ice beast
  3206 | D:4      | Reached XP level 6. HP: 15/41 MP: 0/10
  3705 | D:4      | Noticed a necrophage
  3814 | D:4      | Killed a necrophage
  3815 | D:4      | Reached XP level 7. HP: 46/46 MP: 3/11
  4192 | D:4      | Noticed Ijyb
  4193 | D:4      | Noticed a rust devil
  4205 | D:4      | Killed Ijyb
  4485 | D:5      | Entered Level 5 of the Dungeon
  4546 | D:5      | Reached skill level 5 in Fire Magic
  5342 | D:5      | Quit the game

Illustrated notes

Levels and vault maps discovered:
D:1:      giann_horns, layout_basic, serial_shops, shop_statue
D:2:      layout_rooms, shapermc_ecumenical_altar_flowoftime
D:3:      layout_rooms
D:4:      layout_loops_ring, uniq_ijyb
D:5:      layout_basic, lemuel_coloured_pillars_altar, minmay_misc_feat_rugged

Skill      XL: |  1  2  3  4  5  6  7 |
---------------+----------------------+-----
Conjurations   | 2 3 4 |  4.5
Invocations    | 1 2 3 4 |  4.2
Fire Magic     | 4 5 |  5.4
Dodging        | |  2.0
Stealth        | |  2.0
Spellcasting   | |  2.9

Action                   |  1- 3 |  4- 6 |  7- 9 || total
-------------------------+-------+-------+-------++-------
Melee: Staff             |       |     4 |    15 ||    19
 Cast: Foxfire           |    87 |   106 |    48 ||   241
Invok: Draw Destruction  |       |     3 |     1 ||     4
       Draw Summoning    |       |       |     1 ||     1
  Use: Scroll            |     3 |       |       ||     3
Armor: Robe              |     4 |       |     1 ||     5
Dodge: Dodged            |    15 |    13 |    34 ||    62

Table legend: (Time is in decaauts)
 A = Elapsed time spent in this place.
 B = Non-inter-level travel time spent in this place.
 C = Inter-level travel time spent in this place.
 D = Time resting spent in this place.
 E = Time spent auto-exploring this place.
 F = Levels seen in this place.
 G = Mean time per level.
                   A        B        C        D        E       F      G
               +--------+--------+--------+--------+--------+-----+--------+
         Total |   5346 |   5256 |     90 |    196 |   4507 |   5 | 1069.2 |
       Dungeon |   5346 |   5256 |     90 |    196 |   4507 |   5 | 1069.2 |
               +--------+--------+--------+--------+--------+-----+--------+

Top non-repeatable levels by time:
     D:4: 1357 daAuts
     D:1: 1129 daAuts
     D:3: 1039 daAuts
     D:2: 961 daAuts
     D:5: 859 daAuts
